 Dungeon Crawl Stone Soup version 0.31.0-11-ge490571c62 (webtiles) character file.

Game seed: 1226328254078706729

7 Gadfly the Ruffian (level 1, 0/15 HPs)
             Began as a Demonspawn Shapeshifter on Jan 26, 2024.
             Slain by a jackal (1 damage)
             ... on level 1 of the Dungeon.
             The game lasted 00:00:27 (122 turns).

Gadfly the Ruffian (Demonspawn Shapeshifter)         Turns: 122, Time: 00:00:28

Health: 0/15       AC:  2    Str: 14    XL:     1   Next: 83%
Magic:  1/1        EV: 12    Int: 10    God:
Gold:   0          SH:  0    Dex: 12    Spells: 0/0 levels left

rFire   . .          .
                       - Unarmed
rCold   . . .        (no shield)
rNeg    . . .        a - +0 animal skin
rPois   .            (helmet currently unavailable)
rElec   .            (cloak currently unavailable)
rCorr   .            (gloves currently unavailable)
SInv    .            (boots currently unavailable)
Will    .....        (no amulet)
Stlth   +            (no ring)
HPRegen 0.22/turn    (no ring)
MPRegen 0.07/turn

%: no passive effects
@: beast-form
A: beast (slay +1)
a: Begin Untransformation


You were on level 1 of the Dungeon.
You were a hulking beast.
You visited 1 branch of the dungeon, and saw 1 of its levels.

Inventory:

Armour
 a - a +0 animal skin (worn)
Talismans
 c - a beast talisman
 d - a flux talisman
Potions
 b - a potion of lignification


   Skills:
 + Level 1.1 Fighting
 * Level 2.0 Dodging
 + Level 2.7 Unarmed Combat
 * Level 0.5 Evocations
 + Level 2.7 Shapeshifting


You couldn't memorise any spells.
You didn't know any spells.
Your spell library was empty.

Dungeon Overview and Level Annotations

Branches:
Dungeon (1/15)

Altars:


Message History

You are too injured to fight recklessly!
You are too injured to fight recklessly!
Unknown command.
The jackal attacks as it pursues you! The jackal completely misses you.
The jackal barely misses you. The jackal attacks as it pursues you!
The jackal bites you but does no damage.
You are too injured to fight recklessly!
You hit the jackal.
The jackal is severely wounded.
You closely miss the jackal.
The jackal is severely wounded.
The jackal bites you but does no damage.
The jackal barely misses you. The jackal closely misses you.
You hit the jackal.
The jackal is almost dead.
The jackal barely misses you. The jackal closely misses you.
The jackal barely misses you. The jackal attacks as it pursues you!
The jackal closely misses you. The jackal attacks as it pursues you!
The jackal barely misses you. The jackal attacks as it pursues you!
The jackal closely misses you. x2
The jackal bites you.
* * * LOW HITPOINT WARNING * * *
The jackal bites you.
* * * LOW HITPOINT WARNING * * *
The jackal attacks as it pursues you! The jackal closely misses you.
You completely miss the jackal.
The jackal is lightly wounded.
The jackal closely misses you.
You hit the jackal.
The jackal is severely wounded.
The jackal bites you.
* * * LOW HITPOINT WARNING * * *
The jackal bites you.
* * * LOW HITPOINT WARNING * * *
You closely miss the jackal.
The jackal is severely wounded.
The jackal bites you.
You die... #..##.h..##....... ###........w........ #....w.#####........ ##...### ###...... #.>.# ...... #.h.# ...... #ghh#

###### ##h## #h##
#..# ##.# #########
#.# #...#.P.# #.#
#...#...# #.#
##+###'###†###+##.#
#...............#.#
#......##.......'.#


You could see a dart slug, 4 jackals and a hobgoblin.

Vanquished Creatures
  2 giant cockroaches (D:1)
  2 hobgoblins (D:1)
  2 rats (D:1)
6 creatures vanquished.

Notes
Turn   | Place    | Note
-------+----------+-------------------------------------------
     0 | D:1      | Gadfly the Demonspawn Shapeshifter began the quest for the
                  | Orb.
     0 | D:1      | Reached XP level 1. HP: 15/15 MP: 1/1
   122 | D:1      | Slain by a jackal

Illustrated notes

Levels and vault maps discovered:
D:1:      dpeg_arrival_prison, layout_rooms, serial_shops,
          nicolae_shop_getting_attention, shop, nicolae_shop_tiny_statue_garden,
          shop, nicolae_shop_hallway_stairs, dreamdust_ecumenical_altar_grove

Skill      XL: |  1 |
---------------+----+-----
Dodging        | 2 |  2.0
Fighting       | |  1.1
Unarmed Combat | |  2.7
Evocations     | |  0.5
Shapeshifting  | |  2.7

Action                     || total
---------------------------++-------
  Melee: Unarmed           ||    24
 Armour: Animal skin       ||    18
  Dodge: Dodged            ||    26
